AoeStats
← Sebcol1993

Arena

509834629Analyzed
1v1 RM · 6d ago on Sep 28, 2026· 40m 36s· 2 players
Game mode
Random Map
Map size
Tiny (2 player)
Population
200
Speed
Normal
Resources
Standard
Victory
Conquest
Starting age
Dark Age
Ending age
Imperial Age
RankedLock teamsTeams togetherTeam positionsShared explorationLock speedFull tech treeHidden civsTurbo modeCheats
Victory
Defeat
🇹🇼 Vikings · Taiwan
921
+16
🇦🇺 Celts · Australia
922
-16
牛。魔王
12:08 Feudal Age
16:17 Castle Age
14:05 Double-Bit Axe
14:03 Horse Collar
16:30 Gold Mining
16:56 Scale Mail Armor
16:31 Man-at-Arms
17:39 Bow Saw
20:34 Chain Mail Armor
21:29 Loom
23:19 Long Swordsman
28:47 Imperial Age
28:09 Forging
29:26 Iron Casting
28:52 Stone Mining
29:41 Gold Shaft Mining
31:03 Two-Man Saw
32:05 Plate Mail Armor
32:06 Heavy Plow
35:43 Squires
38:20 Two-Handed Swordsman
Sebcol1993
2:34 Loom
11:34 Feudal Age
14:52 Loom
17:30 Castle Age
16:21 Stone Mining
16:19 Double-Bit Axe
18:57 Gold Mining
20:21 Fletching
21:15 Bodkin Arrow
22:43 Horse Collar
24:11 Fervor
26:14 Bow Saw
26:58 Scale Mail Armor
28:34 Wheelbarrow
29:04 Heavy Plow
29:43 Forging
31:05 Chain Mail Armor
34:51 Imperial Age
33:15 Iron Casting
34:52 Fortified Wall
34:38 Murder Holes
37:00 Ballistics
40:58 Plate Mail Armor
41:03 Iron Casting
Connection lost

Rejoining the realm…

Still unreachable

The connection could not be restored.

Session expired

The server has moved on; the page needs a fresh start.